 Dungeon Crawl Stone Soup version 0.22-a0-601-gb0ed703 (webtiles) character file.

501 sking99 the Insei (level 7, -4/46 HPs)
             Began as an Octopode Transmuter on July 6, 2018.
             Slain by a gnoll sergeant
             ... wielding a +0 spear
              (9 damage)
             ... on level 5 of the Dungeon.
             The game lasted 00:13:16 (5268 turns).

sking99 the Insei (Octopode Transmuter)             Turns: 5268, Time: 00:13:18

Health: -4/46      AC:  2    Str:  9    XL:     7   Next: 17%
Magic:  7/11       EV: 20    Int: 16    God:
Gold:   186        SH:  0    Dex: 19    Spells: 6/12 levels left

rFire    . . .     SeeInvis .     - Unarmed
rCold    . . .     Gourm    +   (shield currently unavailable)
rNeg     . . .     Faith    .   (helmet currently unavailable)
rPois    x         Spirit   .   s - amulet of the gourmand
rElec    .         Reflect  .   (no ring)
rCorr    .         Harm     .   (no ring)
MR       .....                  (no ring)
Stlth    ++........             (no ring)
HPRegen  0.15/turn              (no ring)
MPRegen  0.12/turn              (no ring)
                                (no ring)
                                (no ring)

@: spider-form
A: tiny, almost no armour, stealthy swim, (amphibious), 8 rings, (constrict 8)
a: End Transformation


You were on level 5 of the Dungeon.
You were not hungry.
You were a venomous arachnid creature.
You visited 1 branch of the dungeon, and saw 5 of its levels.

You collected 186 gold pieces.

Inventory:

Missiles
 a - 136 arrows
Jewellery
 s - an amulet of the gourmand (around neck)
Scrolls
 d - 3 scrolls of remove curse
 e - 2 scrolls of enchant armour
 k - a scroll of random uselessness
 m - 2 scrolls of amnesia
 o - a scroll of immolation
 p - a scroll of fog {unknown}
 q - 2 scrolls of teleportation {unknown}
 r - 3 scrolls of enchant weapon {unknown}
Potions
 b - 2 potions of haste {unknown}
 f - a potion of mutation
 g - a potion of might {unknown}
 h - a potion of curing
 i - a potion of invisibility
 j - a potion of ambrosia
 l - a potion of agility
 n - 2 potions of magic
Comestibles
 c - 15 rations


   Skills:
 + Level 3.3 Fighting
 + Level 2.3 Dodging
 * Level 5.6 Unarmed Combat
 - Level 3.0 Spellcasting
 + Level 3.3 Transmutations
 - Level 2.0 Poison Magic


You had 6 spell levels left.
You knew the following spells:

 Your Spells              Type           Power        Failure   Level  Hunger
a - Beastly Appendage     Tmut           ##....       14%         1    #......
b - Sticks to Snakes      Tmut           ##......     19%         2    ##.....
c - Spider Form           Tmut/Pois      ##........   38%         3    ###....

Your spell library contained the following spells:

 Spells                   Type           Power        Failure   Level  Hunger
 Confuse                  Hex            #.......     71%         3    ###....
 Tukima's Dance           Hex            #.......     71%         3    ###....
 Blade Hands              Tmut           ##........   91%         5    ######.
 Ice Form                 Ice/Tmut       #.......     85%         4    #####..
 Ensorcelled Hibernation  Hex/Ice        #.....       50%         2    ##.....
 Corona                   Hex            #......      38%         1    #......
 Dazzling Spray           Conj/Hex       #.....       71%         3    ###....


Dungeon Overview and Level Annotations

Branches:
Dungeon (5/15)
 Temple: D:4-7

Altars:
Sif Muna
Uskayaw


Innate Abilities, Weirdness & Mutations

You cannot wear most types of armour.
You are very stealthy in the water. (Stealth+)
((You are amphibious.))
You can wear up to eight rings at the same time.
((You can use your tentacles to constrict eight enemies at once.))
((Your skin changes colour to match your surroundings (Stealth+).))
((Your rubbery body absorbs attacks. (AC +1, EV +1)))


Message History

The gnoll misses you.
The gnoll sergeant hits you with a spear!
There is an open door, spattered with blood here.
You see here a spear.
You tentacle-slap the gnoll sergeant. You grab the gnoll sergeant.
The gnoll sergeant is lightly wounded.
You constrict the gnoll sergeant. The gnoll hits you with a spear.
The gnoll sergeant hits you with a spear!
Casting: Spider Form (safe; 19% risk of failure)
Confirm with . or Enter, or press ? or * to list all spells.
You turn into a venomous arachnid creature.
You lose your grip on the gnoll sergeant.
The gnoll completely misses you.
The gnoll sergeant completely misses you.
You bite the gnoll sergeant!
The gnoll sergeant is poisoned.
The gnoll sergeant is heavily wounded.
The gnoll hits you with a spear!
* * * LOW HITPOINT WARNING * * *
The gnoll sergeant hits you with a spear!
You die...

########### ....
..#..#....# #..###+####
..#..#....######..#......#
..#..#....#....#..+......#
..#..#....#....#..#......#
.....#....#....#..#......#
.....'....#....#g.#......#
._...#....#....#gg#......#
.....#....#...##s##.....)#
.....#....#...#....#######
.#............#....#....
..............#.........#
.##...####.####.........#
. ##### #.....##########
#.....# #.....# #.....#


You could see a gnoll sergeant and 2 gnolls.

Vanquished Creatures
  A crimson imp (D:5)
  A hound (D:4)
  An orc priest (D:4)
  6 orc wizards
  An iguana (D:4)
  A worker ant (D:3)
  Robin (D:3)
  A gnoll (D:5)
  5 adders
  2 oozes
  4 worms
  2 dart slugs
  2 leopard geckos
  10 orcs
  3 giant cockroaches
  17 goblins
  6 hobgoblins
  8 jackals
  3 quokkas
  7 bats
  5 frilled lizards
  4 kobolds
  6 rats
97 creatures vanquished.

Notes
Turn   | Place    | Note
-------+----------+-------------------------------------------
     0 | D:1      | sking99 the Octopode Transmuter began the quest for the Orb.
     0 | D:1      | Reached XP level 1. HP: 13/13 MP: 3/3
   268 | D:1      | Reached XP level 2. HP: 18/18 MP: 3/5
   959 | D:1      | Reached XP level 3. HP: 20/24 MP: 4/6
  1396 | D:2      | Reached skill level 4 in Unarmed Combat
  1518 | D:2      | Learned a level 2 spell: Sticks to Snakes
  1522 | D:2      | Learned a level 3 spell: Spider Form
  2116 | D:3      | Noticed Robin
  2169 | D:2      | HP: 1/24 [goblin/stone[Robin] (6)]
  2460 | D:2      | Reached XP level 4. HP: 29/29 MP: 4/7
  2778 | D:3      | Reached skill level 1 in Poison Magic
  3029 | D:3      | Reached XP level 5. HP: 25/34 MP: 5/8
  3209 | D:3      | Killed Robin
  3999 | D:4      | Reached XP level 6. HP: 13/41 MP: 3/10
  4004 | D:4      | Reached skill level 5 in Unarmed Combat
  4424 | D:4      | Found a hide-covered altar of Uskayaw.
  4854 | D:5      | Entered Level 5 of the Dungeon
  4877 | D:5      | Reached XP level 7. HP: 30/46 MP: 6/11
  5192 | D:5      | Found a deep blue altar of Sif Muna.
  5268 | D:5      | Slain by a gnoll sergeant

Vault maps used:
D:1:      lightli_arrival_noodles, hangedman_decor_push
D:2:      first_ration
D:3:      kennysheep_small_spiral, uniq_robin
D:4:      eat_drink_and_be_merry_uskayaw
D:5:      lemuel_round_altar, basic_altar, minivault_14,
          hangedman_decor_diamond_cutter

Skill      XL: |  1  2  3  4  5  6 |
---------------+-------------------+-----
Unarmed Combat | 4 5 |  5.6
Fighting       | 2 3 |  3.3
Poison Magic   | 1 2 |  2.0
Transmutations | 3 |  3.3
Spellcasting   | 3 |  3.0
Dodging        | |  2.3

Action                   |  1- 3 |  4- 6 |  7- 9 || total
-------------------------+-------+-------+-------++-------
Melee: Unarmed           |    81 |   172 |    18 ||   271
       Constrict         |    20 |     8 |     1 ||    29
       Kick              |    15 |     3 |       ||    18
       Tentacles         |     8 |     4 |       ||    12
       Punch             |     2 |       |       ||     2
 Cast: Beastly Appendage |    13 |     3 |       ||    16
       Spider Form       |     1 |    21 |     4 ||    26
  Use: Scroll            |       |    10 |       ||    10
       Potion            |       |     1 |       ||     1
 Stab: Sleeping          |     5 |       |     1 ||     6
  Eat: Chunk             |     1 |    10 |    10 ||    21
       Ration            |     1 |       |       ||     1
Armor: Skin              |     5 |     7 |       ||    12
Dodge: Dodged            |    71 |   134 |    26 ||   231

Table legend:
 A = Spawn XP
 B = Non-spawn XP
 C = Spawn XP percentage of total XP
 D = Spawn monster count
 E = Non-spawn monster count
 F = Spawn count percentage of total count
 G = Total turns spent on level
                    A         B        C        D         E        F      G
               +---------+---------+-------+---------+---------+-------+---------
         Total |       0 |     717 |   0.0 |       0 |      97 |   0.0 |  5268
               +---------+---------+-------+---------+---------+-------+---------
           D:1 |       0 |      34 |   0.0 |       0 |      20 |   0.0 |  1615
           D:2 |       0 |      52 |   0.0 |       0 |      15 |   0.0 |  1094
           D:3 |       0 |     131 |   0.0 |       0 |      37 |   0.0 |  1125
           D:4 |       0 |     375 |   0.0 |       0 |      18 |   0.0 |  1020
           D:5 |       0 |     125 |   0.0 |       0 |       7 |   0.0 |   414
               +---------+---------+-------+---------+---------+-------+---------
